 Dungeon Crawl Stone Soup version 0.17.1-2-g5865329 (webtiles) character file.

115 ololoev the Chopper (level 4, -1/35 HPs)
             Began as a Demonspawn Fighter on Jan 19, 2016.
             Slain by a hound (4 damage)
             ... on level 4 of the Dungeon.
             The game lasted 00:05:22 (764 turns).

ololoev the Chopper (Demonspawn Fighter)             Turns: 764, Time: 00:05:22

Health: -1/35      AC: 13    Str: 18    XL:     4   Next: 68%
Magic:  4/4        EV:  5    Int:  9    God:
Gold:   65         SH:  0    Dex: 12    Spells: 0 memorised, 3 levels left

rFire  . . .     SeeInvis +     g - +1 short sword (speed)
rCold  . . .     Clarity  .     h - +0 plate armour
rNeg   . . .     SustAt   .     (no shield)
rPois  .         Gourm    .     (no helmet)
rElec  .         Spirit   .     (no cloak)
rCorr  .         Warding  .     (no gloves)
rMut   .         Stasis   .     (no boots)
MR     .....                    (no amulet)
Stlth  ..........               (no ring)
                                f - ring of see invisible

@: not resistant to hostile enchantments, extremely unstealthy
A: claws 1, yellow scales 1
a: no special abilities


Innate Abilities, Weirdness & Mutations

You have sharp fingernails.
You are partially covered in yellow scales (AC +2).

Inventory:

Hand Weapons
 a - a +1 war axe
 g - a +1 short sword of speed (weapon)
Missiles
 b - 2 poisoned tomahawks (quivered)
Armour
 h - a +0 plate armour (worn)
Jewellery
 c - an uncursed ring of sustain attributes {unknown}
 f - a ring of see invisible (left claw)
Scrolls
 i - a scroll of amnesia
 j - a scroll of noise
 l - a scroll of identify
Comestibles
 e - 2 bread rations
 k - a beef jerky
 m - a chunk of flesh


   Skills:
 - Level 3.0 Fighting
 * Level 3.9 Axes
 + Level 3.4 Armour
   Level 2.6 Shields


You had 3 spell levels left.
You didn't know any spells.


You were on level 4 of the Dungeon.
You were not hungry.

You visited 1 branch of the dungeon, and saw 4 of its levels.

You collected 65 gold pieces.

..... ... ... ....
.....##.###.##.#.#.
......... ........
......... .......
.....#..###.##.#
#.#............#.#.
.......<...........
.........##)######
#.##.....##@#
........##h#
..##......... .
.......#####
....<.#.# ........#

Notes
Turn   | Place    | Note
--------------------------------------------------------------
     0 | D:1      | ololoev the Demonspawn Fighter began the quest for the Orb.
     0 | D:1      | Reached XP level 1. HP: 18/18 MP: 1/1
   360 | D:2      | Noticed Natasha
   370 | D:2      | Gained mutation: You are partially covered in yellow scales (AC +2). [demonic ancestry]
   370 | D:2      | Reached XP level 2. HP: 24/24 MP: 2/2
   378 | D:2      | Killed Natasha
   378 | D:2      | Gained mutation: You have sharp fingernails. [demonic ancestry]
   378 | D:2      | Reached XP level 3. HP: 29/29 MP: 3/3
   631 | D:3      | Reached XP level 4. HP: 8/35 MP: 4/4
   690 | D:3      | Noticed ololoev's ghost (weakling DsFi)
   764 | D:4      | Slain by a hound

Dungeon Overview and Level Annotations

Branches:
Dungeon (4/15)
 Temple: D:4-7

Altars:

Annotations:
D:3 ololoev's ghost, weakling DsFi


Message History

You closely miss the quokka.
The quokka is severely wounded.
The quokka bites you but does no damage.
A hound comes into view.
Your plate armour prevents you from hitting the quokka.
The quokka is severely wounded.
The hound barks!
You completely miss the quokka.
The quokka is severely wounded.
The quokka bites you. The hound closely misses you.
You closely miss the quokka.
The quokka is severely wounded.
The hound bites you but does no damage. The quokka barely misses you.
Your plate armour prevents you from hitting the quokka.
The quokka is heavily wounded.
The hound pauses to sniff the ground.
The hound closely misses you.
The quokka bites you but does no damage.
You hit the quokka.
You kill the quokka!
The hound pauses to sniff the ground.
The hound bites you. x2
You aren't carrying any potions.
Read which item? (? for menu, Esc to quit)
As you read the scroll labeled BEMEIT LEATIL, it crumbles to dust.
You hear a loud clanging noise!
It was a scroll of noise.
The hound bites you but does no damage.
Read which item? (? for menu, Esc to quit)
As you read the scroll labeled YLISTA IPHUG, it crumbles to dust.
It is a scroll of identify.
Identify which item? (\ to view known items) (? for menu, Esc to quit)
i - a scroll of amnesia The hound bites you but does no damage. x2
Read which item? (? for menu, Esc to quit)
As you read the scroll labeled ZIOM VOECIEGIDGH, it crumbles to dust.
It is a scroll of enchant weapon.
Enchant which weapon? (? for menu, Esc to quit)
Your +0 war axe glows red for a moment.
The hound barely misses you.
You closely miss the hound. The hound bites you.
You die...

You could see a hound.

Vanquished Creatures
  An orc wizard (D:3)
  Natasha (D:2)
  A gnoll shaman (D:4)
  An adder (D:3)
  A giant gecko (D:2)
  2 orcs (D:3)
  5 bats
  3 goblins
  2 hobgoblins (D:1)
  3 jackals (D:2)
  2 quokkas
  4 kobolds
26 creatures vanquished.

Action                   |  1- 3 |  4- 6 || total
-------------------------+-------+-------++-------
Melee: Short sword       |   100 |    36 ||   136
Throw: Tomahawk          |     3 |       ||     3
  Use: Potion            |     1 |     1 ||     2
       Scroll            |       |     3 ||     3

Vault maps used:
D:1:      evilmike_arrival_rings, minmay_misc_feat_enclosed
D:2:      lemuel_doored_altar, ecumenical_altar_1, uniq_natasha
D:4:      nicolae_qazlal_general_emergency, minmay_temple_entry_hall,
          goddamned_bats
